 Dungeon Crawl Stone Soup version 0.19.0-9-gfd783f2 (webtiles) character file.

92 HungrySpirit the Skirmisher (level 4, -5/29 HPs)
             Began as a Gargoyle Fighter on Nov 7, 2016.
             Slain by a gnoll
             ... wielding a +0 flail
              (11 damage)
             ... on level 3 of the Dungeon.
             The game lasted 00:03:03 (1813 turns).

HungrySpirit the Skirmisher (Gargoyle Fighter)      Turns: 1813, Time: 00:03:04

Health: -5/29      AC: 10    Str: 21    XL:     4   Next: 60%
Magic:  4/4        EV:  9    Int:  8    God:
Gold:   117        SH:  0    Dex:  9    Spells: 0 memorised, 3 levels left

rFire  . . .     SeeInvis .     a - +0 flail
rCold  . . .     Gourm    .     b - +0 scale mail
rNeg   + . .     Faith    .     (no shield)
rPois  ∞         Spirit   .     (no helmet)
rElec  +         Reflect  .     (no cloak)
rCorr  .         Harm     .     (no gloves)
MR     .....                    (no boots)
Stlth  ..........               (no amulet)
                                (no ring)
                                (no ring)

@: no status effects
A: negative energy resistance 1, electricity resistance, unbreathing,
petrification resistance, rot immunity, AC +3
a: no special abilities


You were on level 3 of the Dungeon.
You were not hungry.

You visited 1 branch of the dungeon, and saw 3 of its levels.

You collected 117 gold pieces.

Inventory:

Hand Weapons
 a - a +0 flail (weapon)
Missiles
 p - 5 javelins (quivered)
Armour
 b - a +0 scale mail (worn)
 c - a +0 shield
Jewellery
 i - an uncursed ring of resist corrosion {unknown}
 n - an uncursed ring of stealth {unknown}
Scrolls
 h - a scroll of enchant weapon {unknown}
 j - a scroll of blinking {unknown}
 k - 3 scrolls of remove curse {unknown}
 l - 2 scrolls of recharging {unknown}
 m - a scroll of fear {unknown}
 o - a scroll of amnesia {unknown}
 q - a scroll of random uselessness {unknown}
 r - a scroll of identify {unknown}
Potions
 d - a potion of might
 e - a potion of brilliance {unknown}
 s - 2 potions of lignification {unknown}
Comestibles
 f - 3 bread rations
 g - 2 meat rations
 t - 3 chunks of flesh


   Skills:
 + Level 4.1 Fighting
 * Level 4.1 Maces & Flails
 - Level 3.2 Armour
 - Level 3.2 Shields


You had 3 spell levels left.
You didn't know any spells.

Dungeon Overview and Level Annotations

Branches:
Dungeon (3/15)

Altars:


Innate Abilities, Weirdness & Mutations

You are resistant to torment.
Your stone body is resilient. (AC +3)
You are immune to poison.
You resist negative energy. (rN+)
You are resistant to electric shocks. (rElec)
You can survive without breathing.
You are immune to petrification.
You are immune to rotting.


Message History

You hit the gnoll.
The gnoll is moderately wounded.
You barely miss the gnoll.
The gnoll is moderately wounded.
The gnoll misses you.
You hit the gnoll but do no damage.
The gnoll is moderately wounded.
The gnoll hits you with a flail!
* * * LOW HITPOINT WARNING * * *
You closely miss the gnoll.
The gnoll is moderately wounded.
The gnoll hits you but does no damage.
You barely miss the gnoll.
The gnoll is moderately wounded.
The gnoll hits you with a flail.
* * * LOW HITPOINT WARNING * * *
You completely miss the gnoll.
The gnoll is moderately wounded.
The gnoll hits you with a flail!
You die...

..........#########
#..................
...........########
#.#....>##.#.....#
.#....#.##.#...#.#
#.[...#.##.###.#.#
.#...(#.##.......###
#.....#.######.###..
.#.####.. ..#.#@#.#
#.# .## #.#)#g#.##
.# . #.#.#.#..## .
#.#...#...#
#.........#
.#####....8....#
.........8.8...#
........8._.8..#
.........8.8..##


You could see a gnoll.

Vanquished Creatures
  3 gnolls
  An adder (D:2)
  2 worms (D:2)
  3 leopard geckos
  A ball python (D:1)
  A bat (D:2)
  2 giant cockroaches
  5 goblins
  2 hobgoblins
  11 jackals
  4 frilled lizards
  6 kobolds
  3 rats (D:1)
44 creatures vanquished.

Notes
Turn   | Place    | Note
-------+----------+-------------------------------------------
     0 | D:1      | HungrySpirit the Gargoyle Fighter began the quest for the Orb.
     0 | D:1      | Reached XP level 1. HP: 14/14 MP: 1/1
    96 | D:1      | Reached XP level 2. HP: 19/19 MP: 2/2
   672 | D:2      | Reached XP level 3. HP: 23/23 MP: 3/3
  1449 | D:3      | Found a faded altar of an unknown god.
  1639 | D:3      | Reached XP level 4. HP: 29/29 MP: 4/4
  1813 | D:3      | Slain by a gnoll

Skill      XL: |  1  2  3  4 |
---------------+-------------+-----
Maces & Flails | 3 4 |  4.1
Fighting       | 4 |  4.1
Armour         | |  3.2
Shields        | |  3.2

Action                   |  1- 3 |  4- 6 || total
-------------------------+-------+-------++-------
Melee: Flail             |   144 |    43 ||   187
Throw: Javelin           |     5 |       ||     5
  Eat: Chunk             |     2 |     1 ||     3
Armor: Scale mail        |    88 |    26 ||   114
Dodge: Dodged            |    76 |    20 ||    96
Block: Shield            |     3 |       ||     3
